Map: Eternal Empire LE

Players

Couguar

  • Race: Protoss Protoss
  • League: Grandmaster
  • Spawn Location: 1:00

SKillous - Winner!

  • Race: Protoss Protoss
  • League: Grandmaster
  • Spawn Location: 7:00

Event: DreamHack SC2 Masters 2020 Fall

VOD

Have the link to the VOD?

Description

Time

  • Played on: Sept. 3, 2020, 1:18 p.m.
  • Length: 20:23

All games in this series

Show
View Real Time Build Order
Export as new Build Order

Couguar Protoss 

Build Orders:  

Get SALT Encoding   

  12  0:00  Probe  
  13  0:12  Probe  
  14  0:18  Pylon  
  14  0:24  Probe  
  15  0:37  Gateway  
  15  0:40  Probe (Chrono Boost)  
  16  0:49  Probe (Chrono Boost)  
  17  0:50  Assimilator  
  17  0:54  Probe (Chrono Boost)  
  18  1:04  Forge  
  18  1:30  Pylon  
  18  1:34  Pylon  
  18  1:35  Pylon  
  18  1:36  Pylon  
  18  1:49  Photon Cannon  
  18  1:50  Pylon  
  18  2:01  Probe  
  18  2:02  Cybernetics Core  
  19  2:08  Photon Cannon  
  19  2:15  Photon Cannon  
  19  2:20  Photon Cannon  
  19  2:24  Photon Cannon  
  19  2:30  Probe (Chrono Boost)  
  19  2:34  Assimilator  
  20  2:41  Probe (Chrono Boost), Photon Cannon  
  21  2:46  Probe (Chrono Boost)  
  21  2:49  Warp Gate  
  22  2:58  Robotics Facility  
  22  3:00  Photon Cannon  
  22  3:02  Probe  
  22  3:05  Pylon  
  22  3:14  Probe  
  22  3:18  Stalker  
  25  3:22  Shield Battery  
  25  3:33  Gateway  
  25  3:47  Immortal (Chrono Boost)  
  25  3:49  Sentry (Chrono Boost)  
  31  3:57  Pylon  
  31  4:18  Warp Prism  
  33  4:26  Gateway  
  33  4:44  Stalker  
  33  4:45  Stalker  
  37  5:01  Shield Battery  
  37  5:05  Pylon  
  37  5:19  Stalker, Pylon  
  39  5:37  Probe  
  40  5:45  Nexus  
  40  5:49  Observer  
  41  6:01  Probe  
  41  6:02  Twilight Council  
  42  6:05  Pylon  
  42  6:13  Probe  
  43  6:18  Sentry x2  
  47  6:25  Probe (Chrono Boost)  
  48  6:35  Blink (Chrono Boost)  
  48  6:37  Probe (Chrono Boost)  
  49  6:43  Probe (Chrono Boost)  
  48  6:53  Probe (Chrono Boost)  
  49  7:01  Probe (Chrono Boost)  
  49  7:02  Pylon  
  49  7:06  Stalker  
  53  7:10  Probe (Chrono Boost)  
  53  7:11  Probe (Chrono Boost)  
  54  7:16  Probe x2 (Chrono Boost)  
  54  7:18  Stalker  
  58  7:24  Stalker  
  58  7:28  Probe  
  61  7:32  Probe  
  61  7:35  Shield Battery  
  62  7:38  Gateway  
  62  7:40  Stalker  
  64  7:44  Probe  
  64  7:47  Stalker  
  67  7:52  Stalker  
  65  8:16  Stalker x3  
  67  8:37  Stalker  
  67  8:40  Sentry, Stalker x2  
  67  8:48  Probe  
  67  8:49  Probe  
  67  8:50  Forge  
  67  8:53  Assimilator  
  67  8:59  Assimilator  
  67  9:00  Probe  
  67  9:01  Probe  
  67  9:02  Observer  
  63  9:04  Stalker  
  63  9:05  Stalker x3  
  63  9:07  Immortal (Chrono Boost)  
  75  9:13  Probe  
  76  9:22  Pylon  
  76  9:29  Stalker  
  78  9:32  Pylon  
  78  9:40  Probe  
  78  9:42  Protoss Ground Weapons Level 1 (Chrono Boost)  
  78  9:43  Shield Battery  
  79  9:47  Gateway  
  79  9:49  Gateway, Stalker x2  
  83  9:58  Stalker x2  
  87  10:10  Observer  
  87  10:12  Pylon  
  87  10:20  Dark Shrine  
  87  10:30  Warp Prism (Chrono Boost), Probe x2  
  87  10:31  Pylon  
  87  10:33  Stalker  
  93  10:48  Probe  
  94  10:58  Nexus  
  94  11:00  Stalker x2, Pylon  
  94  11:02  Probe (Chrono Boost)  
  99  11:06  Probe (Chrono Boost)  
  99  11:08  Observer (Chrono Boost)  
  101  11:14  Probe (Chrono Boost)  
  103  11:23  Stalker x3  
  105  11:26  Probe (Chrono Boost), Stalker  
  104  11:40  Probe x2  
  104  11:41  Stalker x2  
  108  11:52  Probe  
  108  11:53  Probe  
  109  12:04  Pylon  
  109  12:09  Protoss Ground Weapons Level 2 (Chrono Boost)  
  109  12:12  Probe  
  110  12:19  Probe  
  110  12:20  Stalker x3  
  115  12:25  Probe  
  113  12:32  Probe (Chrono Boost)  
  112  12:39  Probe (Chrono Boost)  
  112  12:42  Probe (Chrono Boost)  
  112  12:43  Sentry x2  
  119  12:48  Robotics Bay  
  119  12:49  Probe x2 (Chrono Boost)  
  121  12:52  Probe (Chrono Boost)  
  121  12:54  Zealot, Probe (Chrono Boost)  
  124  12:59  Probe  
  124  13:02  Probe  
  124  13:05  Robotics Facility  
  126  13:09  Photon Cannon  
  126  13:10  Probe  
  127  13:17  Stalker  
  127  13:23  Photon Cannon  
  127  13:25  Shield Battery  
  125  13:41  Disruptor  
  125  13:44  Probe  
  125  13:46  Assimilator  
  129  13:49  Dark Templar x2  
  129  13:51  Assimilator  
  133  13:57  Pylon  
  133  13:58  Pylon  
  133  14:00  Pylon  
  133  14:02  Pylon  
  133  14:04  Pylon  
  133  14:16  Stalker x2  
  133  14:17  Stalker x2  
  131  14:37  Disruptor x2  
  115  14:48  Stalker x2  
  115  14:50  Nexus  
  119  14:54  Probe  
  119  14:55  Probe x2  
  122  15:06  Probe (Chrono Boost)  
  124  15:08  Pylon, Probe x2 (Chrono Boost)  
  124  15:12  Protoss Ground Weapons Level 3  
  125  15:19  Probe (Chrono Boost)  
  125  15:20  Observer x2  
  129  15:25  Probe (Chrono Boost)  
  129  15:26  Probe x2 (Chrono Boost)  
  131  15:31  Probe, Stalker  
  131  15:32  Stalker  
  134  15:40  Disruptor x2 (Chrono Boost)  
  138  15:50  Dark Templar x2  
  138  15:52  Probe  
  138  15:53  Probe  
  144  16:03  Dark Templar x2  
  144  16:15  Stalker x2  
  148  16:19  Gateway  
  148  16:20  Gateway  
  148  16:21  Pylon  
  142  16:27  Stalker x2  
  118  16:40  Stalker x4  
  118  16:41  Observer  
  118  16:43  Probe x2  
  128  16:59  Stalker x2  
  128  17:07  Stalker x4  
  125  17:13  Stalker  
  123  17:20  Stalker  
  123  17:22  Probe x4  
  124  17:26  Disruptor x2  
  130  17:30  Dark Templar  
  130  17:34  Probe  
  112  17:47  Nexus  
  112  17:50  Probe x3 (Chrono Boost)  
  115  17:55  Observer  
  113  18:00  Probe (Chrono Boost)  
  113  18:01  Probe x2 (Chrono Boost)  
  113  18:02  Disruptor  
  113  18:05  Probe (Chrono Boost)  
  119  18:09  Nexus  
  119  18:12  Observer  
  120  18:27  Stalker x2  
  120  18:28  Stalker x2  
  120  18:33  Observer, Pylon  
  129  18:40  Gravitic Boosters  
  127  18:50  Dark Templar x3  
  127  18:51  Observer, Probe  
  127  18:52  Probe x2  
  136  19:01  Photon Cannon  
  136  19:03  Dark Templar  
  136  19:05  Unknown  
  136  19:07  Observer  
  136  19:08  Stalker  
  140  19:10  Stalker  
  140  19:14  Probe  
  140  19:15  Probe x2  
  127  19:30  Stalker x5  
  137  19:39  Probe (Chrono Boost)  
  137  19:43  Photon Cannon  
  137  19:46  Photon Cannon  
  137  19:49  Dark Templar x2, Probe (Chrono Boost)  
  135  19:54  Dark Templar x2, Probe (Chrono Boost)  
  112  20:02  Dark Templar  
  112  20:03  Dark Templar x2  
  112  20:04  Probe  
  110  20:10  Dark Templar  
Show
View Real Time Build Order
Export as new Build Order

SKillous Protoss - Winner!

Build Orders:  

Get SALT Encoding   

  12  0:00  Probe  
  13  0:12  Probe  
  14  0:18  Pylon  
  14  0:24  Probe (Chrono Boost)  
  15  0:37  Probe (Chrono Boost)  
  15  0:39  Gateway  
  16  0:45  Probe (Chrono Boost)  
  16  0:46  Assimilator  
  17  0:51  Probe  
  17  0:54  Assimilator  
  18  1:03  Probe (Chrono Boost)  
  19  1:11  Gateway  
  19  1:12  Probe (Chrono Boost)  
  19  1:17  Probe (Chrono Boost)  
  21  1:29  Probe, Cybernetics Core  
  22  1:44  Pylon  
  22  1:52  Probe  
  23  2:05  Stalker (Chrono Boost)  
  27  2:12  Stalker (Chrono Boost)  
  27  2:20  Shield Battery  
  26  2:28  Stalker (Chrono Boost)  
  27  2:36  Shield Battery  
  27  2:40  Stalker  
  27  2:43  Probe  
  30  2:54  Pylon  
  30  3:03  Probe  
  31  3:06  Pylon  
  33  3:13  Warp Gate  
  33  3:15  Probe  
  32  3:24  Stargate  
  32  3:27  Probe  
  32  3:58  Void Ray (Chrono Boost)  
  32  4:07  Shield Battery  
  32  4:09  Shield Battery  
  30  4:25  Void Ray (Chrono Boost)  
  30  4:26  Shield Battery  
  30  4:29  Pylon  
  30  4:36  Probe  
  35  4:54  Robotics Facility  
  39  5:07  Sentry  
  39  5:09  Zealot, Nexus  
  39  5:21  Pylon  
  39  5:38  Immortal (Chrono Boost)  
  39  5:39  Pylon  
  39  5:41  Shield Battery  
  39  5:42  Shield Battery  
  43  5:44  Probe  
  44  5:57  Probe  
  44  6:01  Sentry x2  
  49  6:05  Pylon  
  49  6:10  Probe  
  50  6:15  Immortal  
  54  6:22  Probe (Chrono Boost)  
  56  6:34  Twilight Council, Probe (Chrono Boost)  
  56  6:35  Probe (Chrono Boost)  
  57  6:40  Probe (Chrono Boost)  
  57  6:41  Probe (Chrono Boost)  
  55  6:48  Probe  
  55  6:49  Probe  
  57  6:57  Forge, Observer  
  57  7:00  Probe  
  59  7:01  Probe  
  60  7:09  Gateway x2  
  60  7:10  Assimilator  
  60  7:12  Blink (Chrono Boost)  
  60  7:18  Probe  
  60  7:19  Probe  
  62  7:27  Protoss Ground Weapons Level 1 (Chrono Boost)  
  62  7:29  Observer  
  62  7:30  Probe  
  62  7:32  Probe  
  62  7:35  Assimilator  
  62  7:36  Pylon  
  64  7:42  Probe  
  65  7:48  Stalker x2  
  69  7:53  Probe  
  70  8:04  Stalker x2  
  73  8:18  Stalker x2  
  77  8:30  Probe x2  
  73  8:34  Stalker x2  
  67  8:42  Probe x2  
  67  8:47  Observer  
  58  8:50  Stalker x2  
  58  8:52  Observer  
  58  8:54  Probe x2  
  63  9:06  Stalker, Probe  
  63  9:07  Stalker  
  68  9:17  Warp Prism  
  68  9:23  Stalker  
  72  9:27  Probe  
  72  9:29  Probe  
  74  9:36  Pylon  
  74  9:39  Probe  
  74  9:41  Probe  
  74  9:45  Pylon  
  76  9:52  Probe (Chrono Boost)  
  77  9:54  Protoss Ground Weapons Level 2 (Chrono Boost)  
  77  9:55  Observer  
  77  9:57  Probe (Chrono Boost)  
  78  10:04  Probe (Chrono Boost)  
  80  10:09  Probe x2 (Chrono Boost)  
  81  10:18  Probe x2  
  83  10:28  Nexus  
  83  10:30  Probe  
  83  10:31  Probe  
  85  10:39  Pylon  
  85  10:41  Sentry  
  85  10:42  Sentry, Probe  
  90  10:46  Stalker  
  91  10:52  Robotics Bay  
  91  11:01  Shield Battery  
  91  11:07  Shield Battery x2  
  91  11:16  Adept x2  
  91  11:18  Stalker  
  97  11:20  Sentry  
  97  11:45  Stalker x3  
  97  11:46  Stalker  
  103  11:49  Probe x3  
  103  11:50  Disruptor (Chrono Boost)  
  107  12:01  Probe x3  
  110  12:07  Photon Cannon  
  110  12:16  Adept x3  
  116  12:24  Pylon  
  116  12:25  Pylon  
  116  12:29  Protoss Ground Weapons Level 3 (Chrono Boost)  
  116  12:31  Probe x3  
  116  12:33  Assimilator  
  116  12:34  Disruptor (Chrono Boost)  
  116  12:37  Assimilator  
  116  12:43  Probe  
  115  12:45  Probe x2  
  115  12:48  Photon Cannon  
  117  12:52  Photon Cannon  
  117  12:55  Probe  
  117  12:57  Probe x2  
  120  13:03  Disruptor (Chrono Boost), Stalker x2  
  120  13:04  Stalker  
  129  13:22  Stalker  
  129  13:25  Warp Prism  
  129  13:37  Stalker  
  129  13:38  Stalker  
  133  13:42  Pylon  
  133  13:44  Pylon  
  133  13:46  Pylon  
  133  13:50  Nexus  
  133  13:52  Pylon  
  133  13:57  Robotics Facility  
  133  14:12  Stalker x3  
  133  14:13  Stalker  
  133  14:17  Photon Cannon  
  141  14:18  Probe  
  141  14:19  Shield Battery  
  141  14:21  Photon Cannon  
  140  14:33  Probe  
  138  14:38  Disruptor (Chrono Boost)  
  138  14:39  Probe  
  138  14:44  Gravitic Boosters (Chrono Boost)  
  142  14:52  Probe x2  
  144  14:56  Gateway x2  
  142  15:00  Gateway  
  142  15:03  Gateway  
  142  15:10  Disruptor (Chrono Boost), Pylon  
  142  15:12  Stalker x3  
  152  15:15  Stalker  
  152  15:16  Disruptor (Chrono Boost), Protoss Shields Level 1 (Chrono Boost)  
  154  15:23  Pylon, Probe  
  155  15:33  Dark Shrine  
  153  15:40  Observer (Chrono Boost)  
  154  15:42  Photon Cannon  
  154  15:43  Stalker x4  
  154  15:45  Probe  
  154  15:47  Probe x2  
  166  15:53  Observer (Chrono Boost)  
  166  15:54  Disruptor (Chrono Boost)  
  165  16:11  Observer  
  165  16:16  Stalker x7  
  165  16:17  Stalker  
  180  16:26  Disruptor  
  180  16:31  Nexus  
  177  16:33  Pylon  
  166  16:44  Disruptor  
  169  16:54  Photon Cannon  
  169  16:59  Stalker x2  
  169  17:00  Stalker x6  
  185  17:01  Disruptor  
  188  17:13  Protoss Shields Level 2 (Chrono Boost)  
  168  17:19  Disruptor  
  161  17:26  Photon Cannon  
  157  17:37  Disruptor (Chrono Boost)  
  145  17:46  Stalker x4  
  145  17:47  Stalker x3  
  159  17:55  Photon Cannon  
  159  17:57  Shield Battery, Charge (Chrono Boost)  
  160  18:02  Disruptor (Chrono Boost), Probe x2  
  160  18:04  Pylon  
  162  18:06  Shadow Stride (Chrono Boost), Probe  
  163  18:16  Photon Cannon  
  163  18:18  Photon Cannon  
  166  18:24  Stalker x6  
  166  18:26  Gravitic Drive, Unknown, Probe x4  
  182  18:29  Assimilator, Probe  
  182  18:32  Warp Prism (Chrono Boost), Assimilator  
  182  18:41  Photon Cannon  
  182  18:54  Dark Templar x4  
  182  18:55  Dark Templar x2  
  194  19:04  Photon Cannon  
  194  19:13  Stargate  
  194  19:15  Nexus  
  181  19:25  Dark Templar x2  
  181  19:26  Dark Templar  
  181  19:27  Zealot x5  
  199  19:38  Observer x2  
  199  19:42  Pylon  
  187  20:00  Zealot x6  

Tags
 
Add a new tag
Caveats
  • Supply blocks, unpowered buildings, or Contaminate may cause inaccurate times.
  • Supply counts are checked every 10 seconds.